Map: Neon Violet Square LE

Players

Minatoeh (Minato)

  • Race: Zerg Zerg
  • League: Master
  • Spawn Location: 11:00

Nerchio - Winner!

  • Race: Zerg Zerg
  • League: Grandmaster
  • Spawn Location: 5:00

Event: WESG Barcelona European Finals 2017

VOD

Have the link to the VOD?

Description

Time

  • Played on: Nov. 25, 2017, 11:37 a.m.
  • Length: 8:36

All games in this series

Show
View Real Time Build Order
Export as new Build Order

Minatoeh Zerg 

Build Orders: Hatch First, Zergling Baneling 

Get SALT Encoding   

  12  0:01  Drone  
  13  0:13  Overlord  
  13  0:18  Drone  
  14  0:32  Drone x2  
  16  0:36  Drone  
  17  0:52  Hatchery  
  17  0:56  Drone  
  17  0:59  Drone  
  18  1:10  Extractor  
  17  1:15  Spawning Pool  
  17  1:17  Drone  
  17  1:20  Drone  
  18  1:29  Drone  
  19  1:40  Overlord  
  19  1:51  Drone  
  20  2:01  Queen  
  20  2:02  Zergling x2  
  20  2:04  Queen  
  20  2:05  Drone  
  26  2:11  Metabolic Boost  
  26  2:13  Drone  
  27  2:18  Drone  
  28  2:23  Drone  
  28  2:27  Drone  
  30  2:39  Hatchery  
  29  2:45  Zergling x6  
  32  2:52  Overlord  
  32  2:56  Drone  
  33  2:59  Queen  
  33  3:02  Baneling Nest  
  34  3:05  Drone  
  34  3:07  Drone  
  34  3:12  Zergling x4  
  38  3:15  Drone  
  39  3:20  Drone x2  
  39  3:24  Overlord  
  39  3:26  Drone  
  42  3:33  Drone  
  41  3:35  Drone x2  
  43  3:42  Zergling x6  
  43  3:44  Zergling x2  
  47  3:50  Zergling x6  
  47  3:54  Baneling  
  47  3:55  Baneling x3  
  50  3:56  Baneling  
  50  3:58  Zergling x2  
  50  4:01  Zergling x2  
  50  4:02  Zergling x2  
  53  4:07  Zergling x2  
  52  4:10  Zergling x4  
  54  4:17  Zergling x6  
  54  4:18  Zergling x2  
  54  4:20  Baneling x2  
  57  4:29  Overlord x2  
  55  4:41  Baneling, Roach Warren  
  53  4:49  Drone x5  
  53  4:52  Drone x3  
  61  4:57  Drone x2  
  61  4:59  Queen  
  58  5:01  Drone  
  58  5:04  Drone  
  58  5:08  Drone  
  58  5:09  Drone  
  60  5:21  Drone x7  
  60  5:25  Extractor  
  60  5:27  Extractor  
  65  5:31  Roach x3  
  65  5:32  Roach  
  73  5:39  Overlord x2  
  71  5:58  Roach x5  
  71  6:00  Overlord x2  
  71  6:01  Overlord  
  81  6:19  Roach  
  81  6:20  Zergling x2, Roach x7  
  81  6:21  Zergling x2  
  99  6:29  Roach  
  99  6:30  Zergling x4, Roach  
  105  6:37  Overlord x2  
  102  6:57  Zergling x10, Roach x6  
  102  7:00  Zergling x4  
  92  7:23  Zergling x10, Roach x5  
  94  7:41  Baneling  
  94  7:42  Evolution Chamber  
  87  7:50  Roach  
  87  7:51  Zergling x8, Roach x5  
  101  7:57  Zergling x2  
  102  8:02  Zergling x2  
  101  8:07  Zergling x4  
  101  8:10  Ravager x3  
  106  8:13  Zergling x2  
Show
View Real Time Build Order
Export as new Build Order

Nerchio Zerg - Winner!

Build Orders: Hatch First, Zergling Baneling 

Get SALT Encoding   

  12  0:00  Drone  
  13  0:13  Overlord  
  13  0:18  Drone  
  14  0:31  Drone x2  
  14  0:35  Drone  
  17  0:52  Hatchery  
  17  0:56  Drone  
  17  0:59  Drone  
  17  1:03  Extractor  
  17  1:15  Spawning Pool  
  16  1:18  Drone  
  16  1:22  Drone  
  18  1:28  Drone  
  19  1:39  Overlord  
  19  1:52  Drone  
  20  2:01  Queen  
  20  2:02  Zergling x2  
  20  2:04  Queen  
  20  2:06  Metabolic Boost  
  25  2:10  Zergling x2  
  25  2:15  Zergling x2  
  27  2:18  Drone  
  28  2:23  Drone  
  28  2:26  Drone  
  30  2:33  Drone  
  30  2:36  Drone  
  32  2:46  Hatchery  
  31  2:52  Baneling Nest  
  31  2:54  Drone  
  31  2:56  Drone  
  32  3:01  Overlord  
  32  3:04  Drone  
  33  3:15  Zergling x4  
  33  3:17  Zergling x2  
  36  3:20  Zergling x2  
  36  3:21  Zergling x6  
  36  3:23  Zergling x2  
  36  3:26  Zergling x2  
  42  3:31  Overlord  
  41  3:35  Drone  
  41  3:36  Baneling x2  
  41  3:40  Drone x2  
  43  3:46  Drone  
  43  3:50  Queen, Drone  
  43  3:53  Baneling x2  
  43  3:54  Drone  
  47  3:56  Drone  
  48  4:03  Zergling x4  
  48  4:04  Zergling x2  
  48  4:07  Zergling x2  
  48  4:09  Baneling x2  
  51  4:15  Drone x3  
  51  4:16  Overlord  
  54  4:19  Drone  
  54  4:22  Drone  
  54  4:23  Drone x2  
  56  4:25  Drone  
  56  4:28  Overlord  
  57  4:32  Overlord  
  57  4:39  Baneling x2  
  57  4:40  Roach Warren  
  57  4:42  Zergling x2  
  57  4:43  Zergling x2  
  57  4:46  Baneling x2  
  57  4:51  Drone  
  57  4:52  Drone x2  
  60  4:53  Drone x2  
  60  4:54  Drone  
  63  5:03  Drone  
  63  5:05  Overlord  
  64  5:07  Drone x2  
  64  5:08  Drone x2  
  64  5:11  Extractor  
  67  5:17  Extractor  
  67  5:19  Evolution Chamber  
  61  5:21  Roach x2  
  61  5:22  Roach x3  
  61  5:25  Roach  
  61  5:28  Overlord  
  73  5:32  Overlord  
  73  5:35  Roach  
  75  5:39  Drone  
  75  5:40  Drone  
  75  5:42  Drone x5  
  81  5:45  Drone  
  81  5:48  Extractor  
  79  5:52  Drone x2  
  79  5:56  Drone  
  81  5:57  Lair  
  81  6:03  Zerg Missile Weapons Level 1, Overlord  
  81  6:04  Drone  
  82  6:08  Zergling x2  
  83  6:16  Roach x4  
  83  6:18  Roach  
  93  6:20  Roach  
  93  6:21  Hatchery  
  93  6:25  Roach x3  
  100  6:29  Roach  
  100  6:32  Roach, Overlord  
  104  6:35  Roach  
  106  6:40  Roach x3  
  106  6:41  Overlord  
  112  6:48  Roach  
  112  6:49  Overlord x2  
  112  6:50  Overlord  
  114  6:56  Glial Reconstitution  
  114  6:57  Roach x2  
  114  6:58  Roach  
  114  7:00  Roach  
  121  7:01  Roach  
  121  7:06  Roach x2  
  127  7:09  Roach  
  127  7:13  Roach  
  130  7:15  Roach  
  130  7:16  Roach  
  130  7:18  Roach  
  130  7:21  Roach  
  122  7:23  Roach  
  122  7:27  Roach  
  122  7:28  Roach  
  128  7:31  Roach  
  128  7:32  Extractor  
  128  7:33  Roach  
  128  7:34  Roach  
  128  7:35  Hatchery  
  128  7:36  Roach  
  126  7:39  Roach  
  126  7:40  Drone x3  
  131  7:45  Roach x2  
  131  7:47  Roach  
  131  7:49  Roach  
  131  7:50  Roach  
  135  7:53  Roach  
  135  7:56  Roach  
  139  7:58  Overlord  
  139  8:01  Overlord  
  139  8:02  Roach x2  
  139  8:03  Roach  
  139  8:04  Roach  
  147  8:15  Roach x2  
Tags
 
Add a new tag
Caveats
  • Supply blocks, unpowered buildings, or Contaminate may cause inaccurate times.
  • Supply counts are checked every 10 seconds.